 Dungeon Crawl Stone Soup version 0.27.0-1-g7a089689b8 (webtiles) character file.

Game seed: 8661377748735862183

476 Smaepdii the Carver (level 6, -10/76 HPs)
             Began as a Minotaur Berserker on Aug 2, 2021.
             Was a Priest of Trog.
             Killed from afar by a gargoyle (11 damage)
             ... with a stone arrow
             ... on level 4 of the Dungeon.
             The game lasted 00:18:37 (3983 turns).

Smaepdii the Carver (Minotaur Berserker)            Turns: 3983, Time: 00:18:38

Health: -10/76     AC: 12    Str: 21    XL:     6   Next: 84%
Magic:  5/5        EV:  6    Int:  4    God:    Trog [***...]
Gold:   248        SH:  5    Dex: 12    Spells: 5/5 levels left

rFire    . . .     SeeInvis .   a - +4 falchion
rCold    . . .     Faith    .   (no shield)
rNeg     . . .     Spirit   .   h - +1 plate armour
rPois    .         Reflect  +   (helmet restricted)
rElec    .         Harm     .   (no cloak)
rCorr    .         Rampage  .   (no gloves)
Will     .....                  (no boots)
Stlth    ..........             c - amulet of reflection
HPRegen  0.22/turn              (no ring)
MPRegen  0.09/turn              (no ring)

@: berserking, very quick
A: horns 2, retaliatory headbutt
a: Renounce Religion, Berserk, Trog's Hand


You were on level 4 of the Dungeon.
You worshipped Trog.
Trog was most pleased with you.
You visited 1 branch of the dungeon, and saw 5 of its levels.

You collected 248 gold pieces.

Inventory:

Hand Weapons
 a - a +4 falchion (weapon)
 k - a +1 mace of holy wrath
 l - a +0 mace
Armour
 h - a +1 plate armour (worn)
Jewellery
 c - an amulet of reflection (around neck)
Scrolls
 b - 3 scrolls of magic mapping
 e - 2 scrolls of teleportation
 f - a scroll of amnesia
Potions
 d - 5 potions of curing {unknown}
 g - 2 potions of might {unknown}
 i - a potion of brilliance {unknown}


   Skills:
 - Level 3.6 Fighting
 * Level 9.4 Long Blades
 - Level 2.4 Armour
 - Level 2.1 Dodging


You had 5 spell levels left.
You didn't know any spells.
Your spell library was empty.

Dungeon Overview and Level Annotations

Branches:
Dungeon (5/15)
 Temple: D:4-7

Altars:
Fedhas
Kikubaaqudgha
Trog
The Shining One


Innate Abilities, Weirdness & Mutations

You have a pair of horns on your head.
You reflexively headbutt those who attack you in melee.


Message History

You completely miss the gargoyle.
The gargoyle hits you with a +0 morningstar!
There is a stone staircase leading up here.
You feel less confused.
The orc wizard gestures wildly while chanting.
The orc wizard flickers and vanishes!
Deactivating autopickup; reactivate with Ctrl-A.
The orc priest begins to cast a cantrip, but forgets the words!
The gargoyle hits you with a +0 morningstar!
You climb upwards.
Reactivating autopickup.
There is a stone staircase leading down here.
A red film seems to cover your vision as you go berserk!
You feel yourself moving faster!
You feel mighty!
The gargoyle hurls a stone arrow at you.
The stone arrow hits you.
You hit the gargoyle.
The gargoyle is lightly damaged.
You hit the gargoyle.
The gargoyle is lightly damaged.
The gargoyle hits you with a +0 morningstar!!
* * * LOW HITPOINT WARNING * * *
You are too berserk!
Okay, then.
You slash the gargoyle! You headbutt the gargoyle!
The gargoyle is severely damaged.
You hit the gargoyle but do no damage. Your headbutt misses the gargoyle.
The gargoyle is severely damaged.
You block the gargoyle's attack.
You hit the gargoyle but do no damage. Your headbutt misses the gargoyle.
The gargoyle is severely damaged.
The gargoyle hits you with a +0 morningstar.
* * * LOW HITPOINT WARNING * * *
You hit the gargoyle but do no damage.
The gargoyle is severely damaged.
You hit the gargoyle.
The gargoyle is almost destroyed.
The gargoyle hurls a stone arrow at you.
The stone arrow hits you!
You die...

.................#
.................#
.................#
.................#
.)...............#
*****
)................#####
*,,,*
#####...###.)........#
*,,,*
.####...###.....9....#
*,,,*
................@....#
**+**
..#.<................#
*,**
.....g#..............#
**,*
......#.(............#
*,♣♣
......#..............#
♣♣.*
......#..............#
♣♣.♣♣
#>....#......###.....#
♣♣PP.♣ #.....#......#
#.....# ♣PPP♣♣
......#......# #.....#
#)).)#


You could see a gargoyle.

Vanquished Creatures
  An ice beast (D:5)
  An ogre (D:5)
  A phantom (D:4)
  An orc priest (D:5)
  Jessica (D:2)
  Robin (D:2)
  3 gnolls (D:4)
  An adder (D:3)
  An adder skeleton (D:4)
  3 worms (D:2)
  2 dart slugs (D:1)
  3 orcs (D:3)
  10 endoplasms
  2 giant cockroaches
  18 goblins
  10 hobgoblins
  5 jackals
  9 kobolds
  A quokka (D:1)
  8 ball pythons
  6 bats
  3 frilled lizards
  7 rats
98 creatures vanquished.

Notes
Turn   | Place    | Note
-------+----------+-------------------------------------------
     0 | D:1      | Smaepdii the Minotaur Berserker began the quest for the
                  | Orb.
     0 | D:1      | Reached XP level 1. HP: 19/19 MP: 0/0
    22 | D:1      | Reached skill level 4 in Long Blades
    24 | D:1      | Reached XP level 2. HP: 23/26 MP: 1/1
   110 | D:1      | Found a faded altar of an unknown god.
   359 | D:1      | Reached skill level 5 in Long Blades
   628 | D:1      | Reached ** piety under Trog
   678 | D:1      | Reached XP level 3. HP: 31/31 MP: 2/2
  1710 | D:2      | Reached XP level 4. HP: 39/39 MP: 3/3
  1713 | D:2      | Reached skill level 6 in Long Blades
  1758 | D:2      | Found a bloodstained altar of Trog.
  1768 | D:2      | Reached *** piety under Trog
  2046 | D:2      | Noticed Robin
  2053 | D:2      | Killed Robin
  2062 | D:2      | Noticed Jessica
  2146 | D:2      | Killed Jessica
  2285 | D:2      | Reached XP level 5. HP: 44/45 MP: 4/4
  2669 | D:3      | Reached skill level 7 in Long Blades
  2853 | D:3      | Found a glowing golden altar of the Shining One.
  3011 | D:4      | Noticed a phantom
  3184 | D:4      | Found an ancient bone altar of Kikubaaqudgha.
  3190 | D:4      | Found a blossoming altar of Fedhas.
  3274 | D:4      | Killed a phantom
  3275 | D:4      | Reached skill level 8 in Long Blades
  3654 | D:4      | Reached XP level 6. HP: 49/51 MP: 5/5
  3801 | D:5      | Entered Level 5 of the Dungeon
  3804 | D:5      | Noticed an ice beast
  3817 | D:5      | Killed an ice beast
  3935 | D:5      | Reached skill level 9 in Long Blades
  3957 | D:5      | Noticed a gargoyle
  3981 | D:4      | HP: 1/76 [gargoyle (5)]
  3983 | D:4      | Killed from afar by a gargoyle

Illustrated notes

Levels and vault maps discovered:
D:1:      scummos_arrival_checkerplants, layout_basic,
          dreamdust_ecumenical_altar_hidden_monk_grotto
D:2:      layout_basic, basic_altar, hangedman_decor_push,
          corexii_hall_statues_x, uniq_robin, uniq_jessica
D:3:      layout_rooms, tso_altar
D:4:      layout_basic, grunt_temple_overflow_growth_and_decay,
          uniq_crazy_yiuf_cottage
D:5:      layout_cave_pools, enter_ossuary_5

Skill      XL: |  1  2  3  4  5  6 |
---------------+-------------------+-----
Long Blades    | 4 5 6 8 9 |  9.4
Fighting       | |  3.6
Armour         | |  2.4
Dodging        | |  2.1

Action                   |  1- 3 |  4- 6 || total
-------------------------+-------+-------++-------
Melee: Falchion          |    84 |   152 ||   236
       Headbutt          |    15 |    32 ||    47
Invok: Berserk           |     2 |     4 ||     6
       Trog's Hand       |       |     1 ||     1
  Use: Scroll            |       |     8 ||     8
Armor: Ring mail         |    26 |     6 ||    32
       Plate armour      |       |    42 ||    42
Dodge: Dodged            |    37 |    44 ||    81
Block: Other             |       |    14 ||    14
       Reflection        |       |     2 ||     2
       Rpst.: Falchion   |     8 |    11 ||    19
